 Dungeon Crawl Stone Soup version 0.28.0-53-g5a82cb258f (webtiles) character file.

Game seed: 4018208977056156237

12 hawla the Firebug (level 2, 0/15 HPs)
             Began as a Deep Elf Fire Elementalist on May 28, 2022.
             Constricted to death by a ball python (1 damage)
             ... on level 1 of the Dungeon.
             The game lasted 00:01:52 (368 turns).

hawla the Firebug (Deep Elf Fire Elementalist)       Turns: 368, Time: 00:01:52

Health: 0/15       AC:  2    Str:  5    XL:     2   Next: 20%
Magic:  1/8        EV:  9    Int: 19    God:
Gold:   40         SH:  0    Dex: 15    Spells: 4/7 levels left

rFire   . . .      SeeInvis .   (no weapon)
rCold   . . .      Faith    .   (no shield)
rNeg    . . .      Spirit   .   a - +0 robe
rPois   .          Reflect  .   (no helmet)
rElec   .          Harm     .   (no cloak)
rCorr   .          Rampage  .   (no gloves)
Will    .....                   (no boots)
Stlth   ++........              (no amulet)
HPRegen 0.05/turn               (no ring)
MPRegen 0.11/turn               (no ring)

@: constricted
A: no striking features
a: no special abilities


You were on level 1 of the Dungeon.
You visited 1 branch of the dungeon, and saw 1 of its levels.

You collected 40 gold pieces.

Inventory:

Missiles
 b - 2 boomerangs
Armour
 a - a +0 robe (worn)


   Skills:
 + Level 2.6 Dodging
 + Level 2.4 Stealth
 + Level 3.1 Spellcasting
 + Level 1.1 Conjurations
 + Level 3.8 Fire Magic


You had 4 spell levels left.
You knew the following spells:

 Your Spells              Type           Power      Damage    Failure   Level
a - Foxfire               Conj/Fire      48%        2x1d6     5%          1
b - Scorch                Fire           34%        2d7       4%          2

Your spell library contained the following spells:

 Spells                   Type           Power      Damage    Failure   Level
 Conjure Flame            Conj/Fire      12%        6-21      16%         3
 Inner Flame              Hex/Fire       10%        N/A       21%         3
 Flame Wave               Conj/Fire      12%        2d6       47%         4


Dungeon Overview and Level Annotations

Branches:
Dungeon (1/15)

Altars:


Message History

Casting: Scorch (safe; 4% risk of failure)
Confirm with . or Enter, or press ? or * to list all spells.
You miscast Scorch.
You are very lightly contaminated with residual magic.
Nothing appears to happen.
The quokka bites you.
* * * LOW HITPOINT WARNING * * *
A kobold comes into view. It is wielding a +0 dagger.
The quokka is no longer more vulnerable to fire.
The quokka closely misses you.
The kobold shouts!
The kobold misses you.
Casting: Scorch (safe; 4% risk of failure)
Confirm with . or Enter, or press ? or * to list all spells.
You miscast Foxfire.
Nothing appears to happen.
The quokka bites you but does no damage.
The quokka barely misses you. The quokka misses you. The quokka bites you.
* * * LOW HITPOINT WARNING * * *
Your magical contamination has completely faded away.
A frilled lizard and a bat come into view.
Casting: Foxfire (safe; 5% risk of failure)
Confirm with . or Enter, or press ? or * to list all spells.
You conjure some foxfire!
The frilled lizard hisses angrily.
The quokka misses you.
You hit the quokka but do no damage.
The quokka is almost dead.
The foxfire hits the quokka.
You kill the quokka!
The foxfire hits the kobold but does no damage.
The kobold throws a stone.
The stone hits you but does no damage.
A ball python comes into view.
The ball python hisses angrily.
The bat completely misses you.
A kobold comes into view. It is wielding a +1 dagger of flaming.
The ball python bites you.
* * * LOW HITPOINT WARNING * * *
The ball python grabs you. The ball python constricts you.
You die...

#.# #.# # #.#
#.#### #.#
#.S@.###.#
#.###b##.# ####
..
##K#.########...
#.
#..†...........#
..
##.##########.#.
K. ..l# #.#. #
##..# #.#. .###
#.#. .. #.#.


You could see a bat, a ball python and 2 kobolds.

Vanquished Creatures
  2 bats (D:1)
  An endoplasm (D:1)
  A goblin (D:1)
  A hobgoblin (D:1)
  A quokka (D:1)
  2 ball pythons (D:1)
  3 kobolds (D:1)
11 creatures vanquished.

Vanquished Creatures (others)
  29 foxfires (D:1)
29 creatures vanquished.

Grand Total: 40 creatures vanquished

Notes
Turn   | Place    | Note
-------+----------+-------------------------------------------
     0 | D:1      | hawla the Deep Elf Fire Elementalist began the quest for
                  | the Orb.
     0 | D:1      | Reached XP level 1. HP: 10/10 MP: 6/6
   262 | D:1      | Reached XP level 2. HP: 15/15 MP: 5/8
   265 | D:1      | Learned a level 2 spell: Scorch
   368 | D:1      | Constricted to death by a ball python

Illustrated notes

Levels and vault maps discovered:
D:1:      wheals_arrival_linesprint, layout_loops_ring,
          ebering_ecumenical_altar_sacrificial

Action                   || total
-------------------------++-------
Melee: Unarmed           ||     6
 Cast: Foxfire           ||    17
       Scorch            ||     3
Armor: Robe              ||     3
Dodge: Dodged            ||    10
